 Dungeon Crawl Stone Soup version 0.26.1-11-gd32895ea62 (webtiles) character file.

Game seed: 389623833698259145

7341 Almogavar the Carver (level 10, -5/136 HPs)
             Began as a Minotaur Berserker on May 27, 2021.
             Was a Priest of Trog.
             Slain by a manticore (20 damage)
             ... on level 11 of the Dungeon.
             The game lasted 00:18:30 (6623 turns).

Almogavar the Carver (Minotaur Berserker)           Turns: 6623, Time: 00:18:30

Health: -5/136     AC: 13    Str: 25    XL:     10   Next: 91%
Magic:  9/9        EV: 13    Int:  4    God:    Trog [***...]
Gold:   471        SH:  0    Dex: 10    Spells: 9/9 levels left

rFire    . . .     SeeInvis +   a - +2 falchion (elec)
rCold    . . .     Faith    .   (no shield)
rNeg     . . .     Spirit   .   r - +0 scale mail (curse)
rPois    +         Reflect  .   (helmet restricted)
rElec    .         Harm     .   H - +0 cloak {Stlth+}
rCorr    .         Rampage  .   m - +0 pair of gloves
Will     ++...                  k - +0 pair of boots
Stlth    ..........             (no amulet)
HPRegen  1.32/turn              B - ring of see invisible
MPRegen  0.11/turn              v - ring of poison resistance

@: berserking, barbed spikes, regenerating, very quick
A: retaliatory headbutt, horns 2
a: Renounce Religion, Berserk, Trog's Hand


You were on level 11 of the Dungeon.
You worshipped Trog.
Trog was most pleased with you.
You visited 1 branch of the dungeon, and saw 9 of its levels.

You collected 520 gold pieces.
You spent 49 gold pieces at shops.

Inventory:

Hand Weapons
 a - a +2 falchion of electrocution (weapon)
 o - a +4 falchion
 s - a +0 hunting sling
Missiles
 b - 218 stones
 g - 24 bolts
 q - 85 sling bullets
Armour
 k - a +0 pair of boots (worn)
 m - a +0 pair of gloves (worn)
 r - a cursed +0 scale mail (worn)
 y - a +0 chain mail
 H - a +0 cloak of stealth (worn)
 J - the +0 leather armour "Put-Me-On" {rElec rC++}
   (You found it on level 7 of the Dungeon)

   It greatly protects you from cold.
   It insulates you from electricity.
Jewellery
 p - an uncursed ring of flight
 v - a ring of poison resistance (right hand)
 x - an uncursed ring of magical power
 B - a ring of see invisible (left hand)
Scrolls
 e - 2 scrolls of magic mapping
 f - 4 scrolls of teleportation
 l - 2 scrolls of remove curse
 u - 2 scrolls of blinking {unknown}
 w - a scroll of amnesia {unknown}
 z - a scroll of identify
 A - a scroll of fear {unknown}
Potions
 c - 2 potions of ambrosia
 d - 7 potions of curing
 h - a potion of heal wounds {unknown}
 i - 2 potions of magic
 n - a potion of cancellation {unknown}
 t - a potion of might
 C - a potion of berserk rage {unknown}
 D - a potion of degeneration {unknown}
 E - 2 potions of brilliance {unknown}
 F - a potion of haste {unknown}
 G - a potion of flight {unknown}
 I - a potion of mutation {unknown}
 K - a potion of resistance


   Skills:
 + Level 9.0 Fighting
 + Level 12.3 Long Blades
 + Level 10.4 Armour
 + Level 6.4 Dodging
 + Level 2.1 Stealth
 + Level 4.2 Evocations


You had 9 spell levels left.
You didn't know any spells.
Your spell library was empty.

Dungeon Overview and Level Annotations

Branches:
Dungeon (8/15)             Temple (0/1) D:6
   Lair: D:8-11

Altars:
Okawaru
Trog

Shops:
D:5 ((?=

Annotations:
D:8 Maurice


Innate Abilities, Weirdness & Mutations

You reflexively headbutt those who attack you in melee.
You have a pair of horns on your head.


Message History

Press: ? - help, Shift-Dir - straight line, f - manticore
Aim: a manticore (16% to evade)
The bolt of acid hits the manticore!
The manticore is splashed with acid.
The manticore is moderately wounded.
The now-empty wand crumbles to dust.
The manticore flicks its tail.
The volley of spikes hits you!
The barbed spikes become lodged in your body.
* * * LOW HITPOINT WARNING * * *
Your skin crawls.
You feel strong-willed.
A red film seems to cover your vision as you go berserk!
You feel yourself moving faster!
You feel mighty! The manticore barely misses you.
The manticore claws you but does no damage.
The manticore closely misses you.
You slash the manticore! You headbutt the manticore.
The manticore is severely wounded.
The manticore bites you!!
You die...

.. .... .. .. ..## ..#
.. .. ...#.. ##.. #.
##... ......
...#..#..####......
......^..##.#.....#
...Z..##..#.......#....
..... ##H)...........#
.... #.)@).........#
... #...†........# ..
..##............. .
#.............#
#...##...))...#..#
#.... #..)..(...(.#
...........).....##
......##..#?...(##
.....#...##...###


You could see a manticore.

Vanquished Creatures
  A death yak (D:7)
  Pikel (D:7)
  A manticore (D:7)
  Joseph (D:7)
  Psyche (D:8)
  5 polar bears (D:7)
  A dream sheep (D:7)
  A yak (D:7)
  Eustachio (D:4)
  A wyvern (D:7)
  Menkaure (D:6)
  4 black bears (D:7)
  2 ice beasts (D:7)
  2 sky beasts
  A phantom (D:5)
  8 ogres
  A wolf (D:7)
  7 centaurs
  A big kobold (D:11)
  A gnoll sergeant (D:11)
  2 bullfrogs
  A scorpion (D:7)
  9 wights (D:7)
  5 hounds
  A jelly (D:5)
  3 orc priests
  2 bullfrog skeletons
  2 orc wizards
  7 worker ants
  A hound zombie (D:8)
  A hound skeleton (D:5)
  2 worker ant zombies
  4 gnolls (D:11)
  9 adders
  2 ufetubi (D:7)
  An ooze (D:3)
  3 worms (D:2)
  2 dart slugs
  2 leopard geckos
  7 orcs
  2 ball pythons
  8 giant cockroaches
  7 goblins
  4 hobgoblins
  8 jackals
  3 quokkas
  12 bats
  7 frilled lizards
  5 kobolds
  A quokka skeleton (D:4)
  4 rats
169 creatures vanquished.

Notes
Turn   | Place    | Note
-------+----------+-------------------------------------------
     0 | D:1      | Almogavar the Minotaur Berserker began the quest for the
                  | Orb.
     0 | D:1      | Reached XP level 1. HP: 19/19 MP: 0/0
   199 | D:1      | Reached XP level 2. HP: 27/27 MP: 1/1
   230 | D:1      | Reached skill level 4 in Long Blades
   760 | D:2      | Reached XP level 3. HP: 33/33 MP: 2/2
   782 | D:2      | Reached ** piety under Trog
  1343 | D:3      | Found a bloodstained altar of Trog.
  1427 | D:3      | Reached XP level 4. HP: 41/41 MP: 3/3
  1639 | D:3      | Reached skill level 5 in Long Blades
  1815 | D:3      | Reached XP level 5. HP: 47/47 MP: 4/4
  2084 | D:4      | Noticed an ogre
  2089 | D:4      | Killed an ogre
  2090 | D:4      | Reached skill level 5 in Fighting
  2116 | D:4      | Noticed Eustachio
  2132 | D:4      | Killed Eustachio
  2133 | D:4      | Reached skill level 6 in Long Blades
  2133 | D:4      | Reached XP level 6. HP: 32/56 MP: 5/5
  2306 | D:4      | Reached *** piety under Trog
  2310 | D:4      | Reached XP level 7. HP: 41/61 MP: 6/6
  2491 | D:4      | Reached skill level 5 in Armour
  2775 | D:4      | Found an iron altar of Okawaru.
  2870 | D:5      | Entered Level 5 of the Dungeon
  2891 | D:5      | Reached skill level 1 in Evocations
  2976 | D:5      | Found Melures's Weapon Boutique.
  3110 | D:5      | Reached skill level 7 in Long Blades
  3110 | D:5      | Reached skill level 1 in Stealth
  3341 | D:5      | Found Qaer's Weapon Shoppe.
  3449 | D:5      | Reached XP level 8. HP: 70/70 MP: 7/7
  3501 | D:5      | Found Kovy's Magic Scroll Shoppe.
  3508 | D:5      | Bought a scroll of magic mapping for 49 gold pieces
  3782 | D:5      | Found Witwaf's Jewellery Emporium.
  3981 | D:6      | Noticed Menkaure
  3989 | D:6      | Killed Menkaure
  4284 | D:6      | Found a staircase to the Ecumenical Temple.
  4372 | D:6      | Reached skill level 8 in Long Blades
  4506 | D:7      | Noticed Pikel
  4514 | D:7      | Killed Pikel
  4885 | D:7      | Reached XP level 9. HP: 78/78 MP: 8/8
  4887 | D:7      | Reached **** piety under Trog
  4891 | D:7      | Reached skill level 9 in Long Blades
  4959 | D:7      | Noticed Joseph
  4968 | D:7      | Killed Joseph
  4969 | D:7      | Reached skill level 5 in Dodging
  5147 | D:7      | Found a huge runed translucent gate.
  5436 | D:7      | Found a huge runed translucent gate.
  5436 | D:7      | Found a huge runed translucent gate.
  5436 | D:7      | Found a huge runed translucent gate.
  5436 | D:7      | Noticed a manticore
  5436 | D:7      | Noticed a polar bear
  5436 | D:7      | Noticed a polar bear
  5436 | D:7      | Noticed a polar bear
  5436 | D:7      | Noticed a death yak
  5436 | D:7      | Noticed a polar bear
  5440 | D:7      | Reached skill level 10 in Long Blades
  5440 | D:7      | Noticed a polar bear
  5829 | D:7      | Killed a death yak
  5830 | D:7      | Reached XP level 10. HP: 60/88 MP: 9/9
  5832 | D:7      | Killed a manticore
  5834 | D:7      | Reached skill level 11 in Long Blades
  5853 | D:7      | Reached skill level 10 in Armour
  6082 | D:7      | Got a warped leather armour
  6093 | D:7      | Identified the cursed +0 leather armour "Put-Me-On" {rElec
                  | rC++} (You found it on level 7 of the Dungeon)
  6494 | D:8      | Noticed Psyche
  6513 | D:8      | Killed Psyche
  6569 | D:8      | Noticed Maurice
  6572 | D:8      | You fall into a shaft and drop 3 floors!
  6584 | D:11     | Reached skill level 12 in Long Blades
  6612 | D:11     | Noticed a manticore
  6623 | D:11     | Slain by a manticore

Illustrated notes

Levels and vault maps discovered:
D:1:      saegor_arrival_miasma, layout_loops_ring
D:2:      layout_rooms, minmay_diced_spiral
D:3:      layout_basic, trog_three_pillars_becter
D:4:      layout_rooms, grunt_ministairs_5, okawaru_ov_weapons_minmay,
          uniq_eustachio
D:5:      layout_basic, serial_shops, shop, shop, nicolae_shop_trees, shop
D:6:      layout_rooms, temple_pool_b, uniq_menkaure
D:7:      lemuel_bear_cage, layout_basic, grunt_ministairs_15, uniq_pikel,
          uniq_joseph
D:8:      layout_basic, gammafunk_temple_overflow_forgotten, minmay_evil_grid,
          uniq_maurice, uniq_psyche
D:11:     layout_cave_pools, lair_entry_dummy, orc_0_dummy,
          hangedman_incinerator

Skill      XL: |  1  2  3  4  5  6  7  8  9 10 |
---------------+-------------------------------+-----
Long Blades    | 4 5 6 7 8 10 12 | 12.3
Fighting       | 4 5 6 8 9 |  9.0
Armour         | 3 4 6 8 9 10 | 10.4
Dodging        | 3 4 5 6 |  6.4
Evocations     | 1 2 3 4 |  4.2
Stealth        | 1 2 |  2.1

Action                   |  1- 3 |  4- 6 |  7- 9 | 10-12 || total
-------------------------+-------+-------+-------+-------++-------
Melee: Falchion          |    77 |    50 |   143 |    78 ||   348
       Headbutt          |    17 |    17 |    39 |    21 ||    94
Invok: Berserk           |     1 |     1 |     2 |     1 ||     5
       Trog's Hand       |       |       |     1 |     2 ||     3
Evoke: Wand              |       |     9 |    10 |    10 ||    29
  Use: Scroll            |     2 |     1 |     5 |     1 ||     9
Armor: Ring mail         |    23 |    31 |    35 |     5 ||    94
       Scale mail        |       |       |       |    28 ||    28
Dodge: Dodged            |    47 |    73 |    89 |    52 ||   261
       Rpst.: Falchion   |    17 |    16 |    22 |    14 ||    69
